[Event "ICCopen2017"]
[Site "Internet Chess Club"]
[Date "2017.03.25"]
[Round "9"]
[White "mehrdad1978"]
[Black "kentaur"]
[Result "1/2-1/2"]
[ICCResult "White ran out of time and Black has no material to mate"]
[WhiteElo "1835"]
[BlackElo "1658"]
[Opening "Modern defense"]
[ECO "A40"]
[NIC "QO.17"]
[Time "15:45:49"]
[TimeControl "180+0"]

1. d4 g6 2. c4 Bg7 3. e4 d6 4. f3 Nc6 5. Be3 e5 6. d5 Nce7 7. Nc3 f5 8. Nge2
Nf6 9. Qd2 O-O 10. Bh6 a6 11. a4 Bd7 12. Bxg7 Kxg7 13. Nc1 fxe4 14. fxe4 h6
15. Be2 g5 16. O-O Ng6 17. g3 Bh3 18. Rf2 Ng4 19. Bxg4 Rxf2 20. Qxf2 Bxg4
21. Nd3 Qf8 22. c5 Qxf2+ 23. Nxf2 Bd7 24. cxd6 cxd6 25. Nd3 Rf8 26. a5 h5
27. Rf1 Rxf1+ 28. Kxf1 h4 29. Ke2 Bg4+ 30. Ke3 Kf6 31. b4 Bd7 32. Nb2 hxg3
33. hxg3 g4 34. Nc4 Ke7 35. Nb6 Be8 36. Ne2 Nh8 37. Nc1 Nf7 38. Nb3 Ng5 39.
Nd2 Bb5 40. Ndc4 Nf3 41. Nc8+ Kd7 42. N4xd6 Ne1 43. Nxb5 axb5 44. Nb6+ Kd6
45. Kd2 Nf3+ 46. Ke3 Ne1 47. Nc8+ Kc7 48. Ne7 Nc2+ 49. Kd2 Nxb4 50. Ng6 Kd6
51. Kc3 Nxd5+ 52. exd5 Kxd5 53. Kb4 Ke4 54. Kxb5 Kf3 55. Nxe5+ Kxg3 56. Nxg4
Kxg4 57. Kb6 Kf5 58. Kxb7 Ke5 59. a6 Kd4 60. a7 Kc5 61. a8=Q Kc4 62. Qc8+
Kd4 63. Qc6 Ke5 64. Kb6 Kf4 65. Qc5 Ke4 66. Kb5 Kd3 67. Kc6 Ke4 68. Kd6 Kf3
69. Qd5+ Kf4 70. Qe5+ Kf3 71. Ke6 Kf2 72. Kd5 Kf3 73. Qe4+ Kf2 74. Kd4 Kg3
75. Qe3+ Kg4 76. Qe5 Kf3
{White ran out of time and Black has no material to mate}
1/2-1/2

[Event "ICCopen2017"]
[Site "Internet Chess Club"]
[Date "2017.03.25"]
[Round "9"]
[White "Istrebitel"]
[Black "Rammstein"]
[Result "0-1"]
[ICCResult "White forfeits on time"]
[WhiteElo "1718"]
[BlackElo "2067"]
[Opening "French: King's Indian attack"]
[ECO "C00"]
[NIC "FR.02"]
[Time "15:45:17"]
[TimeControl "180+0"]

1. e4 e6 2. d3 c5 3. Nd2 Nc6 4. Ngf3 d6 5. g3 g6 6. Bg2 Bg7 7. O-O Nge7 8.
Re1 O-O 9. c3 b6 10. Nb3 Bb7 11. Qe2 Qc7 12. d4 a5 13. dxc5 bxc5 14. Nbd2
Ba6 15. Qd1 Rfd8 16. Qc2 d5 17. exd5 exd5 18. Nb3 Qb6 19. Bg5 Rd7 20. Be3 d4
21. Bf4 a4 22. Nbd2 Nd5 23. Ne5 Nxe5 24. Bxe5 f6 25. Bf4 Bb7 26. Nc4 Qa6 27.
Bf1 Nxf4 28. gxf4 Qc6 29. f3 Qxf3 30. Bg2 Qxg2+ 31. Qxg2 Bxg2 32. Kxg2 Rb8
33. cxd4 Rxd4 34. Rac1 Rxf4 35. Re7 f5 36. Rc2 Bf6 37. Rd7 Rb4 38. Nd6 Rxb2
39. Rxb2 Bxb2 40. Ne8 Be5 41. Re7 Bd4 42. Nd6 Rf2+ 43. Kg3 Rxa2 44. Re8+ Kg7
45. Re7+ Kh6 46. Ra7 Ra3+ 47. Kf4 Be3+ 48. Kf3 Bd4+ 49. Ke2 Bf6 50. Kd1 Bg5
51. Kc2 Kh5 52. Nf7 Kg4 53. Nxg5 Kxg5 {White forfeits on time} 0-1

[Event "ICCopen2017"]
[Site "Internet Chess Club"]
[Date "2017.03.25"]
[Round "9"]
[White "minke"]
[Black "centralsquare"]
[Result "1-0"]
[ICCResult "Black forfeits on time"]
[WhiteElo "1729"]
[BlackElo "1461"]
[Opening "Sicilian defense"]
[ECO "B32"]
[NIC "SI.32"]
[Time "15:46:32"]
[TimeControl "180+0"]

1. e4 c5 2. Nf3 Nc6 3. d4 cxd4 4. Nxd4 a6 5. c4 e5 6. Nxc6 dxc6 7. Qxd8+
Kxd8 8. Nc3 Nf6 9. Be3 Bb4 10. Bb6+ Ke7 11. O-O-O Bxc3 12. bxc3 Nxe4 13. Re1
Nxc3 14. Rxe5+ Be6 15. f4 f6 16. Bc5+ Kf7 17. Re3 Na4 18. Bb4 c5 19. Bd2 Nb6
20. Rc3 Rad8 21. Bd3 Rd7 22. f5 Bxc4 23. Bxc4+ Nxc4 24. Rxc4 b6 25. Re1 Rhd8
26. Bf4 Rd5 27. Bc7 Re8 28. Rxe8 Kxe8 29. g4 b5 30. Re4+ Kd7 31. Bg3 c4 32.
Bf2 Rd3 33. Rd4+ Rxd4 34. Bxd4 Kc6 35. Kc2 Kd5 36. Bb6 Ke4 37. Kc3 Kf4 38.
a4 Kxg4 39. axb5 axb5 40. Kb4 Kxf5 41. Bd4 g5 42. Kxb5 h5 43. Kxc4 Kg6 44.
Kd3 f5 45. Ke2 f4 46. Kf3 Kf5 47. Bc5 g4+ 48. Kg2 Ke4 49. Be7
{Black forfeits on time}
1-0

[Event "ICCopen2017"]
[Site "Internet Chess Club"]
[Date "2017.03.25"]
[Round "9"]
[White "anakinnn"]
[Black "alsaimer"]
[Result "0-1"]
[ICCResult "White forfeits on time"]
[WhiteElo "1233"]
[BlackElo "1063"]
[Opening "King's pawn game"]
[ECO "C50"]
[NIC "IG.03"]
[Time "15:46:34"]
[TimeControl "180+0"]

1. e4 e5 2. Nf3 Nc6 3. Bc4 h6 4. c3 Nf6 5. d3 Bc5 6. Be3 Bxe3 7. fxe3 O-O 8.
Nbd2 d6 9. d4 Bg4 10. h3 Bxf3 11. gxf3 d5 12. exd5 Nxd5 13. Qe2 Re8 14. Ne4
exd4 15. cxd4 Kh8 16. Rg1 f5 17. Qg2 Rg8 18. Bxd5 Qxd5 19. Nf2 Rae8 20. Kd2
Qa5+ 21. Kc2 Rxe3 22. Nd3 Nxd4+ 23. Kb1 Ne2 24. Re1 Rxd3 25. Qxe2 Qb5 26. b3
Rgd8 27. Qc2 c6 28. Re2 f4 29. Kb2 Qf5 {White forfeits on time} 0-1

[Event "ICCopen2017"]
[Site "Internet Chess Club"]
[Date "2017.03.25"]
[Round "9"]
[White "DEHO"]
[Black "manitodeplomo"]
[Result "1-0"]
[ICCResult "Black resigns"]
[WhiteElo "2094"]
[BlackElo "2463"]
[Opening "King's Indian: Sämisch, 5...O-O"]
[ECO "E81"]
[NIC "KI.32"]
[Time "15:48:36"]
[TimeControl "180+0"]

1. d4 Nf6 2. c4 g6 3. Nc3 Bg7 4. e4 O-O 5. f3 d6 6. Be3 c5 7. Nge2 Nc6 8. d5
Ne5 9. Ng3 e6 10. Be2 exd5 11. cxd5 a6 12. a4 h5 13. O-O h4 14. Nh1 h3 15.
g3 Bd7 16. Nf2 b5 17. axb5 axb5 18. Bxb5 Rxa1 19. Qxa1 Bxb5 20. Nxb5 Qb6 21.
Nc3 Nxf3+ 22. Kh1 Nd4 23. Bxd4 cxd4 24. Ncd1 Re8 25. Qb1 Qb5 26. Kg1 Bh6 27.
Nxh3 Nxe4 28. Nhf2 Nd2 29. Qd3 Qxd5 30. Ng4 Nxf1 31. Nf6+ Kf8 32. Nxd5 Ne3
33. N1xe3 dxe3 34. Nc3 Re6 35. Kf1 Bg7 36. Ke2 Bf6 37. b4 Kg7 38. Nd5 Bg5
39. Qd4+ Kh7 40. b5 {Black resigns} 1-0

[Event "ICCopen2017"]
[Site "Internet Chess Club"]
[Date "2017.03.25"]
[Round "9"]
[White "grels"]
[Black "Colombiano07"]
[Result "0-1"]
[ICCResult "White forfeits on time"]
[WhiteElo "1731"]
[BlackElo "1949"]
[Opening "QGD Slav defense"]
[ECO "D10"]
[NIC "SL.01"]
[Time "15:49:24"]
[TimeControl "180+0"]

1. c4 c6 2. d4 d5 3. e3 Bf5 4. Nf3 e6 5. Nc3 Nf6 6. Nh4 Bg4 7. Qb3 Qb6 8. h3
Bh5 9. g4 Bg6 10. Nxg6 hxg6 11. Bg2 Nbd7 12. O-O Bd6 13. Re1 O-O 14. Bd2
dxc4 15. Qxc4 Qxb2 16. Red1 Qb6 17. Rab1 Qc7 18. Rdc1 Rab8 19. Nb5 cxb5 20.
Qxc7 Bxc7 21. Rxc7 a6 22. Bb4 Rfc8 23. Rbc1 Nb6 24. Rxc8+ Rxc8 25. Rxc8+
Nxc8 26. Bxb7 Nb6 27. Bxa6 Nfd5 28. Be1 Kf8 29. Bxb5 Ke7 30. a4 Kd6 31. a5
Na8 32. Kf1 Kc7 33. Ke2 Kb7 34. Kd3 Ndc7 35. Be8 Ka6 36. Bxf7 g5 37. e4 Nb5
38. Bb4 Nac7 39. d5 exd5 40. exd5 Kb7 41. d6 Na6 42. Bd2 Nxd6 43. Bxg5 Nxf7
44. Bd2 Kc6 45. f4 Kd5 46. h4 Nd6 47. h5 Ne4 48. Be1 Nf6 49. g5 Nxh5 50. f5
Ke5 51. Ke3 Kxf5 52. Bc3 g6 53. Kd4 Kxg5 {White forfeits on time} 0-1

[Event "ICCopen2017"]
[Site "Internet Chess Club"]
[Date "2017.03.25"]
[Round "9"]
[White "muhit"]
[Black "sonofmarabu"]
[Result "0-1"]
[ICCResult "White resigns"]
[WhiteElo "1780"]
[BlackElo "1668"]
[Opening "QGD semi-Slav: Bogolyubov variation"]
[ECO "D46"]
[NIC "QO.16"]
[Time "15:52:29"]
[TimeControl "180+0"]

1. d4 d5 2. c4 e6 3. Nc3 Nf6 4. Nf3 Nbd7 5. e3 c6 6. Bd3 Be7 7. O-O O-O 8.
Re1 b6 9. e4 dxe4 10. Nxe4 Nxe4 11. Bxe4 Bb7 12. a3 Nf6 13. Bc2 Qc7 14. b4
Rad8 15. Bg5 c5 16. Qd3 g6 17. Bh6 Rfe8 18. Rad1 cxb4 19. d5 exd5 20. Rxe7
Qxe7 21. Re1 Qxe1+ 22. Nxe1 Rxe1+ 23. Qf1 Rxf1+ 24. Kxf1 dxc4 25. Bg5 Rd6
{White resigns}
0-1

[Event "ICCopen2017"]
[Site "Internet Chess Club"]
[Date "2017.03.25"]
[Round "9"]
[White "Dodgy"]
[Black "ComeonJimtal"]
[Result "0-1"]
[ICCResult "White forfeits on time"]
[WhiteElo "1934"]
[BlackElo "1752"]
[Opening "Bogo-Indian defense"]
[ECO "E11"]
[NIC "QI.01"]
[Time "15:46:10"]
[TimeControl "180+0"]

1. d4 Nf6 2. Nf3 e6 3. c4 Bb4+ 4. Bd2 Bxd2+ 5. Qxd2 Ne4 6. Qc2 f5 7. g3 d5
8. Bg2 b6 9. O-O Bb7 10. Ne5 Nd7 11. cxd5 Nxe5 12. dxe5 Bxd5 13. Rd1 Qe7 14.
Nc3 Nxc3 15. Qxc3 Bxg2 16. Kxg2 O-O 17. Rac1 c5 18. Rd6 f4 19. Rcd1 fxg3 20.
hxg3 Qf7 21. Qe3 Qh5 22. Rd7 Rf5 23. Rd8+ Rf8 24. Rxa8 Rxa8 25. Rd7 a5 26.
Rb7 Rd8 27. Rxb6 Qf5 28. Rd6 Rb8 29. b3 h6 30. f3 c4 31. bxc4 Rb2 32. Kf2
Qh5 33. Rd8+ Kf7 34. Qf4+ Kg6 35. Qe4+ Kf7 36. Qf4+ Kg6 37. Qe4+ Kf7 38.
Qf4+ Qf5 39. Qxf5+ exf5 40. c5 Rxa2 41. c6 Rc2 42. Rd7+ Ke6 43. Rxg7 Rxc6
44. Ra7 Rc5 45. f4 Kd5 46. Ra6 Kc4 47. Rxh6 Kb5 48. Rf6 a4 49. Rxf5 a3 50.
Rh5 a2 51. Rh1 Ka4 52. e6 Rc6 53. f5 Rc5 54. g4 Re5 55. Kf3 Kb3 56. e4 Ra5
57. Kf4 Kc4 58. e7 Ra8 59. f6 Rb8 60. Ra1 Kc5 61. Rxa2 Kd6 62. Kf5 Kd7 63.
Kg6 Rg8+ 64. Kf7 Rh8 65. Rd2+ Kc7 66. e8=Q Rh7+ 67. Ke6 Rh6 68. Rc2+ Kb6 69.
Qb5+ Ka7 70. Ke7 Rh7+ 71. Ke6 Rb7 {White forfeits on time} 0-1

[Event "ICCopen2017"]
[Site "Internet Chess Club"]
[Date "2017.03.25"]
[Round "9"]
[White "bladerunner020"]
[Black "SneekyPete"]
[Result "0-1"]
[ICCResult "White forfeits on time"]
[WhiteElo "1232"]
[BlackElo "1506"]
[Opening "Sicilian: Najdorf, Byrne (English) attack"]
[ECO "B90"]
[NIC "SI.14"]
[Time "15:52:25"]
[TimeControl "180+0"]

1. e4 c5 2. Nf3 d6 3. d4 cxd4 4. Nxd4 Nf6 5. Nc3 a6 6. Be3 e6 7. f3 Be7 8.
Qd2 Qc7 9. O-O-O Bd7 10. Kb1 Nc6 11. g4 Ne5 12. h4 Nc4 13. Bxc4 Qxc4 14. h5
h6 15. g5 hxg5 16. Bxg5 Rc8 17. h6 g6 18. Bxf6 Bxf6 19. Qf4 Bxd4 20. Rxd4
Qxd4 21. Rd1 Qe5 22. Qe3 Rxc3 23. bxc3 Qc5 24. Qxc5 dxc5 25. Rd3 Rxh6 26. c4
Bc6 27. c3 Ke7 28. Kb2 Rh2+ 29. Ka3 f5 30. exf5 gxf5 31. Kb3 Rf2 32. Rd1
Rxf3 33. Rh1 Kf6 34. Rh6+ Kg5 35. Rh8 e5 36. Rg8+ Kf4 37. Rf8 e4
{White forfeits on time}
0-1

[Event "ICCopen2017"]
[Site "Internet Chess Club"]
[Date "2017.03.25"]
[Round "9"]
[White "jwana"]
[Black "Alfred"]
[Result "0-1"]
[ICCResult "White forfeits on time"]
[WhiteElo "1439"]
[BlackElo "1205"]
[Opening "Vienna: Falkbeer variation"]
[ECO "C26"]
[NIC "VG.04"]
[Time "15:50:31"]
[TimeControl "180+0"]

1. e4 e5 2. Nc3 Nf6 3. d3 Nc6 4. h3 Bb4 5. Bd2 O-O 6. Nce2 Qe7 7. c3 Bd6 8.
g4 Nd8 9. Bg2 c5 10. f4 exf4 11. Bxf4 Bxf4 12. Nxf4 Nc6 13. Nf3 d5 14. Qc2
dxe4 15. dxe4 Re8 16. Nd2 Ne5 17. O-O Bd7 18. Rae1 Bc6 19. b3 Rad8 20. g5
Nfd7 21. Nd5 Qd6 22. c4 b5 23. Re2 bxc4 24. bxc4 Qg6 25. h4 h6 26. Ref2 Rf8
27. gxh6 Qxh6 28. Nf3 Ng4 29. Ne7+ Kh8 30. Nxc6 Nxf2 31. Nxd8 Ng4 32. Qd2
Rxd8 33. Qxh6+ gxh6 34. Bh3 Ne3 35. Rf2 Nf6 36. Ne5 Rd1+ 37. Kh2 Kg8 38.
Rxf6 Kg7 39. Rf2 f6 40. Ng4 Nxc4 41. Rc2 Ne3 42. Nxe3 Re1 43. Rg2+ Kf7 44.
Rg3 Ke7 45. Kg2 c4 46. Kf2 Ra1 47. Nxc4 Rxa2+ 48. Kf3 Ra4 49. Nd2 Rd4 50.
Ke3 Rd6 51. Bf1 a5 {White forfeits on time} 0-1

[Event "ICCopen2017"]
[Site "Internet Chess Club"]
[Date "2017.03.25"]
[Round "9"]
[White "tressiag"]
[Black "Kolossi"]
[Result "1-0"]
[ICCResult "Black forfeits on time"]
[WhiteElo "1321"]
[BlackElo "1547"]
[Opening "French defense"]
[ECO "C00"]
[NIC "FR.01"]
[Time "15:50:51"]
[TimeControl "180+0"]

1. e4 e6 2. Nf3 d5 3. exd5 exd5 4. d4 Nf6 5. Bb5+ c6 6. Bd3 Bd6 7. Nc3 O-O
8. Bg5 Bg4 9. O-O Re8 10. Be2 Nbd7 11. Qd3 Qc7 12. h3 Bh5 13. Bxf6 Nxf6 14.
Ne5 Bxe2 15. Qxe2 Bxe5 16. dxe5 Rxe5 17. Qf3 Rae8 18. Rad1 h6 19. Qg3 Qb8
20. Na4 R8e7 21. Nc5 b6 22. Nd3 Ne4 23. Qf4 g5 24. Qg4 Nf6 25. Qg3 Ne4 26.
Qg4 R5e6 27. f3 Nf6 28. Qb4 c5 29. Qb5 d4 30. Nxc5 Re5 31. Na6 Rxb5 32. Nxb8
Rxb2 33. Nc6 Rxa2 34. Nxd4 Rd7 35. Nf5 Rxd1 36. Rxd1 Kh7 37. Rd8 Kg6 38.
Ne7+ Kh5 39. Nf5 Rxc2 40. Rh8 Kg6 41. Rxh6+ {Black forfeits on time} 1-0

[Event "ICCopen2017"]
[Site "Internet Chess Club"]
[Date "2017.03.25"]
[Round "9"]
[White "jdimpo1"]
[Black "zandoli"]
[Result "1-0"]
[ICCResult "Black forfeits on time"]
[WhiteElo "1322"]
[BlackElo "1886"]
[Opening "Philidor: exchange variation"]
[ECO "C41"]
[NIC "KP.08"]
[Time "15:51:51"]
[TimeControl "180+0"]

1. e4 d6 2. Nf3 e5 3. d4 exd4 4. Nxd4 Nf6 5. Nc3 Be7 6. Be3 O-O 7. Bd3 Nc6
8. O-O Bd7 9. Nf5 Bxf5 10. exf5 d5 11. Nb5 a6 12. Na3 d4 13. Bg5 h6 14. Bh4
Re8 15. Qf3 Qd7 16. Rfe1 Rad8 17. Nc4 b5 18. Ne5 Nxe5 19. Rxe5 Bd6 20. Rxe8+
Rxe8 21. Bxf6 gxf6 22. Qh5 Bf8 23. Rf1 Re5 24. Qg4+ Bg7 25. h4 c5 26. b3 Qe7
27. g3 Re1 28. Kg2 Qb7+ 29. Qf3 Qxf3+ 30. Kxf3 Rxf1 31. Bxf1 Kf8 32. Bd3 Ke7
33. Ke4 Kd6 34. g4 Bf8 35. f3 Kc6 36. f4 Kb6 37. g5 hxg5 38. fxg5 fxg5 39.
hxg5 Ka5 40. Ke5 Kb4 41. Kf6 c4 42. bxc4 bxc4 43. Be4 Kc3 44. Kxf7 Bc5 45.
g6 d3 46. cxd3 Bd4 47. dxc4 Kxc4 48. f6 {Black forfeits on time} 1-0

[Event "ICCopen2017"]
[Site "Internet Chess Club"]
[Date "2017.03.25"]
[Round "10"]
[White "kaimann"]
[Black "toll"]
[Result "1-0"]
[ICCResult "Black resigns"]
[WhiteElo "1881"]
[BlackElo "1683"]
[Opening "Benko's opening"]
[ECO "A00"]
[NIC "VO.09"]
[Time "15:58:35"]
[TimeControl "180+0"]

1. g3 e5 2. Bg2 d6 3. Nf3 Nf6 4. O-O Be7 5. d3 h6 6. c4 O-O 7. Nc3 Be6 8. b4
Qd7 9. Re1 Nc6 10. b5 Nd4 11. e3 Nxf3+ 12. Qxf3 Rab8 13. Qd1 Bg4 14. Qa4
Rfc8 15. Qxa7 b6 16. Qa4 Ra8 17. Bxa8 {Black resigns} 1-0

[Event "ICCopen2017"]
[Site "Internet Chess Club"]
[Date "2017.03.25"]
[Round "10"]
[White "Knight-Rookie"]
[Black "rugsy"]
[Result "0-1"]
[ICCResult "White resigns"]
[WhiteElo "1257"]
[BlackElo "1374"]
[Opening "Van't Kruijs opening"]
[ECO "A00"]
[Time "15:58:22"]
[TimeControl "180+0"]

1. e3 c5 2. d3 d5 3. Ne2 Nc6 4. g3 e5 5. Bg2 Be6 6. O-O Nf6 7. b3 Bd6 8. Bb2
O-O 9. Nd2 Qc7 10. Rc1 b6 11. c4 d4 12. exd4 exd4 13. Ne4 Nxe4 14. Bxe4 Rad8
15. Re1 g6 16. Kh1 Qd7 17. Ng1 Bf5 18. Qf3 Bxe4 19. Qxe4 f5 20. Qd5+ Kg7 21.
Nf3 Ne7 22. Rxe7+ Bxe7 23. Qxd7 Rxd7 24. Ne5 Rc7 25. f4 Bd6 26. Nf3 Re8 27.
Re1 Rxe1+ 28. Nxe1 Re7 29. Nf3 Re3 30. Kg2 Rxd3 31. Nh4 Rd2+ 32. Kh3 Rxb2
33. Nf3 Rxa2 34. Ne5 Bxe5 35. fxe5 {White resigns} 0-1

[Event "ICCopen2017"]
[Site "Internet Chess Club"]
[Date "2017.03.25"]
[Round "10"]
[White "eltigrecu"]
[Black "Theunrock"]
[Result "1-0"]
[ICCResult "Black resigns"]
[WhiteElo "1905"]
[BlackElo "1701"]
[Opening "Levitsky attack (Queen's bishop attack)"]
[ECO "D00"]
[NIC "QP.08"]
[Time "15:58:25"]
[TimeControl "180+0"]

1. d4 d5 2. Bg5 Nd7 3. c3 Ngf6 4. Nd2 e6 5. e3 c5 6. Ngf3 Be7 7. Bd3 O-O 8.
Qc2 b6 9. Ne5 Bb7 10. Nxd7 Qxd7 11. Bxf6 Bxf6 12. Bxh7+ Kh8 13. Bd3 cxd4 14.
exd4 g6 15. O-O Kg7 16. Nf3 Rac8 17. Rfe1 Rh8 18. Qe2 Rh5 19. Ba6 Rch8 20.
Bxb7 Qxb7 21. h3 g5 22. Ne5 Qc7 23. Ng4 Be7 24. Qe5+ Kg6 25. Qxc7
{Black resigns}
1-0

[Event "ICCopen2017"]
[Site "Internet Chess Club"]
[Date "2017.03.25"]
[Round "10"]
[White "DementedMonkey"]
[Black "Chamanx"]
[Result "1-0"]
[ICCResult "Black checkmated"]
[WhiteElo "2213"]
[BlackElo "1527"]
[Opening "Paleface attack"]
[ECO "A45"]
[NIC "QP.07"]
[Time "16:00:15"]
[TimeControl "180+0"]

1. d4 Nf6 2. f3 e6 3. e4 c5 4. c3 cxd4 5. cxd4 Bb4+ 6. Nc3 Bxc3+ 7. bxc3 Qa5
8. Qc2 O-O 9. Bd2 d5 10. Bd3 dxe4 11. fxe4 Nc6 12. e5 Nd5 13. Bxh7+ Kh8 14.
Be4 Ndb4 15. cxb4 Qb6 16. Qd3 Nxd4 17. Qh3+ Kg8 18. Qh7# {Black checkmated}
1-0

[Event "ICCopen2017"]
[Site "Internet Chess Club"]
[Date "2017.03.25"]
[Round "10"]
[White "JUGGERNOT"]
[Black "krankenstein"]
[Result "1-0"]
[ICCResult "Black checkmated"]
[WhiteElo "1820"]
[BlackElo "1260"]
[Opening "Bird's opening"]
[ECO "A03"]
[NIC "VO.07"]
[Time "15:59:04"]
[TimeControl "180+0"]

1. f4 d5 2. Nf3 Nc6 3. e3 e6 4. Be2 Bc5 5. O-O Bd7 6. d4 Bb6 7. c4 Nf6 8. c5
Ba5 9. a3 Ne7 10. b4 c6 11. bxa5 Qxa5 12. Bd2 Qc7 13. Ne5 O-O 14. Nc3 Nf5
15. g4 Nh4 16. Be1 Ng6 17. Rf2 Nxe5 18. fxe5 Ne4 19. Nxe4 dxe4 20. Rg2 f5
21. exf6 Rxf6 22. Bg3 Qd8 23. Be5 Rg6 24. Qc2 Rg5 25. Qxe4 Rxe5 26. Qxe5 Qe7
27. Rf1 Re8 28. Rgf2 h6 29. Rf7 Qh4 30. Qxg7# {Black checkmated} 1-0

[Event "ICCopen2017"]
[Site "Internet Chess Club"]
[Date "2017.03.25"]
[Round "10"]
[White "checkmatiste"]
[Black "Kandor"]
[Result "1-0"]
[ICCResult "Black checkmated"]
[WhiteElo "1557"]
[BlackElo "1168"]
[Opening "French: advance variation"]
[ECO "C02"]
[NIC "FR.03"]
[Time "15:59:02"]
[TimeControl "180+0"]

1. d4 e6 2. e4 d5 3. e5 c5 4. c3 Ne7 5. f4 Ng6 6. Nf3 Be7 7. Bd3 O-O 8. O-O
Qc7 9. Ng5 Bxg5 10. fxg5 Nd7 11. Qh5 f5 12. gxf6 gxf6 13. Bxg6 Nxe5 14. dxe5
Qg7 15. Rxf6 Rxf6 16. exf6 Qh8 17. f7+ Kg7 18. Bh6+ Kf6 19. f8=Q+ Qxf8 20.
Bxf8 hxg6 21. Qh8+ Kg5 22. Nd2 e5 23. Nf3+ Kf4 24. Qf6+ Bf5 25. Bh6+ Ke4 26.
Re1+ Kd3 27. Nxe5+ Kc2 28. Qg5 Re8 29. Qd2# {Black checkmated} 1-0

[Event "ICCopen2017"]
[Site "Internet Chess Club"]
[Date "2017.03.25"]
[Round "10"]
[White "Huty"]
[Black "kutittaja"]
[Result "0-1"]
[ICCResult "White checkmated"]
[WhiteElo "1398"]
[BlackElo "1696"]
[Opening "Old Benoni defense"]
[ECO "A46"]
[NIC "QP.06"]
[Time "15:58:43"]
[TimeControl "180+0"]

1. d4 Nf6 2. Nf3 c5 3. d5 d6 4. c4 e5 5. Nc3 Be7 6. e4 Nbd7 7. Be2 Nf8 8.
O-O Ng6 9. Nd2 h5 10. h3 Bd7 11. a3 a6 12. Qc2 Qc8 13. Rb1 Bxh3 14. gxh3
Qxh3 15. Re1 Ng4 16. Nf3 Nh4 17. Qd3 Qg2# {White checkmated} 0-1

[Event "ICCopen2017"]
[Site "Internet Chess Club"]
[Date "2017.03.25"]
[Round "10"]
[White "jjn"]
[Black "ResignAlready"]
[Result "0-1"]
[ICCResult "White resigns"]
[WhiteElo "1706"]
[BlackElo "1842"]
[Opening "Caro-Kann: Steinitz variation"]
[ECO "B17"]
[NIC "CK.08"]
[Time "15:59:02"]
[TimeControl "180+0"]

1. e4 c6 2. d4 d5 3. Nc3 dxe4 4. Nxe4 Nd7 5. Nf3 Ngf6 6. Neg5 h6 7. Nh3 g5
8. Bxg5 hxg5 9. Nhxg5 Bh6 10. h4 e6 11. Qd3 Qa5+ 12. c3 b6 13. Be2 Bb7 14.
a3 c5 15. O-O-O O-O-O 16. Kb1 Kb8 17. Nxf7 Be4 {White resigns} 0-1

[Event "ICCopen2017"]
[Site "Internet Chess Club"]
[Date "2017.03.25"]
[Round "10"]
[White "TerryR"]
[Black "arnav311004"]
[Result "1-0"]
[ICCResult "Black resigns"]
[WhiteElo "2267"]
[BlackElo "1766"]
[Opening "King's Indian: fianchetto, Yugoslav, 7.O-O"]
[ECO "E65"]
[NIC "KI.69"]
[Time "16:00:06"]
[TimeControl "180+0"]

1. d4 Nf6 2. Nf3 g6 3. c4 Bg7 4. Nc3 d6 5. g3 O-O 6. Bg2 c5 7. O-O cxd4 8.
Nxd4 a6 9. b3 Qc7 10. Bb2 Nc6 11. Rc1 Bd7 12. Nd5 Qd8 13. Nxc6 bxc6 14.
Nxf6+ Bxf6 15. Bxf6 exf6 16. Qxd6 Be6 17. Qxd8 Rfxd8 18. Bxc6 Rac8 19. Bf3
Rd2 20. Ra1 Rcd8 21. e3 Rb2 22. Rfd1 Rc8 23. Bb7 Rb8 24. Bxa6 Ra8 25. Bb7
Raxa2 26. Rxa2 Rxa2 27. Bd5 Bf5 28. b4 Rb2 29. b5 Bc2 30. Rd2 Rb1+ 31. Kg2
Bf5 32. e4 Bc8 33. e5 fxe5 34. Be4 Re1 35. Rd8+ Kg7 36. Rxc8 Rxe4 37. b6 Re2
38. b7 Rb2 39. b8=Q {Black resigns} 1-0

[Event "ICCopen2017"]
[Site "Internet Chess Club"]
[Date "2017.03.25"]
[Round "10"]
[White "cool64chess"]
[Black "jefferyx"]
[Result "0-1"]
[ICCResult "White resigns"]
[WhiteElo "2212"]
[BlackElo "2767"]
[Opening "Grünfeld: exchange, classical variation"]
[ECO "D87"]
[NIC "GI.05"]
[Time "15:58:44"]
[TimeControl "180+0"]

1. d4 Nf6 2. c4 g6 3. Nc3 d5 4. cxd5 Nxd5 5. e4 Nxc3 6. bxc3 Bg7 7. Bc4 c5
8. Ne2 Nc6 9. Be3 O-O 10. O-O Bg4 11. f3 Bd7 12. Rc1 Rc8 13. Qd2 Na5 14. Bd3
e6 15. f4 Re8 16. f5 exf5 17. exf5 c4 18. Bb1 Qe7 19. Rf3 Bc6 20. Rg3 Be4
21. Bxe4 Qxe4 22. fxg6 hxg6 23. Re1 Qd3 24. Qc1 Qf5 25. Bh6 Bh8 26. Nf4 Nc6
27. Rge3 Qd7 28. Rxe8+ Rxe8 29. Rxe8+ Qxe8 30. Nd5 Qe4 31. Nf4 Bf6 32. Nh3
b5 33. Nf2 Qe2 34. Bg5 Bxg5 {White resigns} 0-1

[Event "ICCopen2017"]
[Site "Internet Chess Club"]
[Date "2017.03.25"]
[Round "10"]
[White "arshavin2015"]
[Black "dhar2603"]
[Result "0-1"]
[ICCResult "White resigns"]
[WhiteElo "1956"]
[BlackElo "1837"]
[Opening "Caro-Kann: Tartakower (fantasy) variation"]
[ECO "B12"]
[NIC "CK.02"]
[Time "15:59:38"]
[TimeControl "180+0"]

1. e4 c6 2. d4 d5 3. f3 g6 4. Nc3 Bg7 5. Be3 e6 6. h4 h5 7. Qd2 Ne7 8. O-O-O
Nd7 9. g4 hxg4 10. fxg4 Qc7 11. Nge2 b5 12. h5 b4 13. Nb1 dxe4 14. Bg2 Nd5
15. Bxe4 N7f6 16. Bf3 gxh5 17. gxh5 Nxe3 18. Rdg1 Bh6 19. Qxb4 Ned5+ 20. Kd1
Nxb4 21. c3 Nbd5 22. Ng3 Qf4 {White resigns} 0-1

[Event "ICCopen2017"]
[Site "Internet Chess Club"]
[Date "2017.03.25"]
[Round "10"]
[White "veteranrus"]
[Black "Nakia"]
[Result "1-0"]
[ICCResult "Black resigns"]
[WhiteElo "1811"]
[BlackElo "1726"]
[Opening "French: advance, Euwe variation"]
[ECO "C02"]
[NIC "FR.03"]
[Time "15:58:27"]
[TimeControl "180+0"]

1. e4 e6 2. d4 d5 3. e5 c5 4. c3 Bd7 5. Nf3 Nc6 6. a3 b6 7. b4 c4 8. a4 a6
9. g3 h6 10. h4 g6 11. h5 g5 12. Nbd2 f5 13. exf6 Nxf6 14. Bg2 Bd6 15. Qc2
Rg8 16. Nf1 Qe7 17. Ne3 Kf7 18. O-O Rae8 19. Bd2 Qd8 20. Rae1 Qc7 21. Nh2 e5
22. Nxd5 Nxd5 23. Bxd5+ Be6 24. Bxe6+ Rxe6 25. d5 Rf6 26. dxc6 Qxc6 27. Ng4
Re6 28. Qf5+ Ke7 29. Qh7+ {Black resigns} 1-0

[Event "ICCopen2017"]
[Site "Internet Chess Club"]
[Date "2017.03.25"]
[Round "10"]
[White "justinchess"]
[Black "Khanzer17"]
[Result "1-0"]
[ICCResult "Black resigns"]
[WhiteElo "2262"]
[BlackElo "1937"]
[Opening "Nimzo-Indian: Reshevsky variation"]
[ECO "E46"]
[NIC "NI.10"]
[Time "16:00:21"]
[TimeControl "180+0"]

1. d4 Nf6 2. c4 e6 3. Nc3 Bb4 4. e3 O-O 5. Ne2 c6 6. a3 Ba5 7. Qc2 d5 8. Ng3
dxc4 9. Bxc4 c5 10. dxc5 Bc7 11. O-O h5 12. Rd1 h4 13. Rxd8 Rxd8 14. Nge4
Ng4 15. h3 Ne5 16. Be2 f5 17. Nd6 Nbc6 18. b4 Bd7 19. Ncb5 Bb8 20. Bb2 a6
21. Nd4 Bxd6 22. cxd6 Rac8 23. Nxc6 Nxc6 24. Qc3 e5 25. Qc4+ Kh7 26. Qxh4+
Kg8 27. Bc4+ {Black resigns} 1-0